 Dungeon Crawl Stone Soup version 0.20-a0-150-g0ef8409 (webtiles) character file.

1074 PurpleRed the Chopper (level 8, -12/71 HPs)
             Began as a Minotaur Wanderer on Nov 21, 2016.
             Was a Believer of Yredelemnul.
             Mangled by a red ugly thing (23 damage)
             ... on level 6 of the Dungeon.
             The game lasted 00:11:45 (5114 turns).

PurpleRed the Chopper (Minotaur Wanderer)           Turns: 5114, Time: 00:11:46

Health: -12/71     AC: 12    Str: 19    XL:     8   Next: 7%
Magic:  9/9        EV:  9    Int: 10    God:    Yredelemnul [**....]
Gold:   221        SH:  0    Dex:  9    Spells: 8/9 levels left

rFire  . . .     SeeInvis .     a - +0 war axe
rCold  . . .     Gourm    +     B - +0 scale mail
rNeg   . . .     Faith    .     (no shield)
rPois  .         Spirit   .     (helmet restricted)
rElec  .         Reflect  .     (no cloak)
rCorr  .         Harm     .     (no gloves)
MR     .....                    (no boots)
Stlth  ..........               r - amulet of the gourmand
                                t - +3 ring of protection
                                i - +3 ring of protection

@: no status effects
A: retaliatory headbutt, horns 2
a: Animate Remains, Recall Undead Slaves, Injury Mirror, Renounce Religion


You were on level 6 of the Dungeon.
You worshipped Yredelemnul.
Yredelemnul was pleased with you.
You were not hungry.

You visited 1 branch of the dungeon, and saw 6 of its levels.
You also visited: Sewer.

You collected 221 gold pieces.

Inventory:

Hand Weapons
 a - a +0 war axe (weapon)
 b - a +0 whip
 o - a +0 hand axe
 q - a +0 mace
 y - a +2 hand crossbow
 A - a +2 dagger of venom
 F - a cursed +0 quarterstaff
Missiles
 g - 37 poisoned needles
 l - 34 bolts
Armour
 B - a +0 scale mail (worn)
Jewellery
 i - a +3 ring of protection (left hand)
 k - an uncursed ring of stealth
 r - an amulet of the gourmand (around neck)
 s - an uncursed ring of protection from cold
 t - a +3 ring of protection (right hand)
Wands
 w - a wand of iceblast (4/15)
 z - a wand of disintegration (5/24)
 C - a wand of lightning (8/15)
Scrolls
 u - a scroll of magic mapping
 v - a scroll of teleportation
 D - 3 scrolls of remove curse
 E - a scroll of enchant armour
 I - a scroll of fear
Potions
 e - a potion of lignification
 j - 2 potions of heal wounds
 n - a potion of berserk rage
 p - 3 potions of curing
 x - a potion of brilliance {unknown}
 G - a potion of cure mutation
 H - 2 potions of agility {unknown}
 J - a potion of invisibility {unknown}
 K - a potion of might {unknown}
Books
 c - the Almanac of the Traveller

   Spells                             Type                      Level
   a - Apportation                    Translocation                1
   b - Gell's Gravitas                Hexes/Translocation          3
 d - the Volume of Intoxication

   Spells                             Type                      Level
   a - Sting                          Conjuration/Poison           1
   b - Mephitic Cloud                 Conjuration/Poison/Air       3
Comestibles
 f - 3 bread rations
 h - a royal jelly
 m - 6 meat rations


   Skills:
 + Level 6.5 Fighting
 * Level 7.0 Axes
 - Level 4.1 Crossbows
 - Level 3.6 Armour
 - Level 1.0 Stealth
   Level 1.2 Shields
 - Level 1.3 Spellcasting
   Level 1.0 Transmutations
 + Level 3.0 Invocations


You had 8 spell levels left.
You knew the following spells:

 Your Spells              Type           Power        Failure   Level  Hunger
a - Sting                 Conj/Pois      #...         91%         1    ##.....


Dungeon Overview and Level Annotations

Branches:
Dungeon (6/15)
 Temple: D:4-7

Altars:
Kikubaaqudgha
Sif Muna
Trog
Yredelemnul

Shops:
D:4 [

Annotations:
D:6 Killer1's ghost, novice MiBe


Innate Abilities, Weirdness & Mutations

You reflexively headbutt those who attack you in melee.
You have a pair of horns on your head.


Message History

Your ogre zombie hits the crimson imp with a giant spiked club.
The red ugly thing pecks you.
You are engulfed in flames!!
The orc priest looks satisfied for a moment.
You closely miss the orc priest.
The orc priest is severely wounded.
You closely miss the crimson imp. You hit the red ugly thing.
The crimson imp hits you but does no damage.
The orc hits your ogre zombie with a hand axe.
The red ugly thing pecks you.
You are engulfed in flames!!
* * * LOW HITPOINT WARNING * * *
You hit the orc priest.
The orc priest is almost dead.
You hit the orc. You closely miss the crimson imp. You hit the red ugly thing.
The crimson imp barely misses you.
Your ogre zombie hits the crimson imp with a giant spiked club!
The red ugly thing pecks you.
* * * LOW HITPOINT WARNING * * *
You are engulfed in flames!!
You die...
Your body rises from the dead as a mindless zombie.

.. #.# .. #.#
. #.# . #.# W#
###.#####.# .
#......o..#...
#...Zu......
#.##@5.##..
#.#'oo......
#Z##...#...#..
#.##.........
#.##........
#.##.......#
#.######...#
#.# #...# ##
#.# ####...# .
..


You could see a red ugly thing, an orc priest, Killer1's ghost, a crimson imp, 2
orcs and a friendly ogre zombie.

Vanquished Creatures
  Purgy (Sewer)
  3 ogres
  2 scorpions (D:6)
  A howler monkey (D:4)
  2 hounds (D:4)
  An orc priest (D:6)
  A bullfrog skeleton (D:5)
  5 orc wizards
  A worker ant (D:4)
  A killer bee zombie (D:6)
  3 gnolls (D:5)
  A howler monkey skeleton (D:5)
  5 adders
  A shadow imp (D:5)
  An adder zombie (D:5)
  An adder skeleton (D:6)
  3 worms
  2 dart slugs
  7 leopard geckos
  25 orcs
  6 giant cockroaches
  8 goblins
  6 hobgoblins
  6 jackals
  13 kobolds
  4 quokkas
  A ball python (D:5)
  10 bats
  4 frilled lizards
  A quokka skeleton (D:4)
  6 rats
132 creatures vanquished.

Vanquished Creatures (collateral kills)
  A gnoll shaman (D:5)
  An orc priest (D:4)
  A giant cockroach (D:5)
3 creatures vanquished.

Vanquished Creatures (others)
  2 orc zombies
  A quokka zombie (D:4)
3 creatures vanquished.

Grand Total: 138 creatures vanquished

Notes
Turn   | Place    | Note
-------+----------+-------------------------------------------
     0 | D:1      | PurpleRed the Minotaur Wanderer began the quest for the Orb.
     0 | D:1      | PurpleRed set off with: a +2 hand crossbow, 23 bolts, the Almanac of the Traveller, the Volume of Intoxication, a +0 robe, a bread ration
     0 | D:1      | Reached XP level 1. HP: 14/14 MP: 1/1
     0 | D:1      | Identified the Almanac of the Traveller
     0 | D:1      | Identified the Volume of Intoxication
     2 | D:1      | Learned a level 1 spell: Sting
    30 | D:1      | Reached skill level 1 in Fighting
    45 | D:1      | Reached XP level 2. HP: 23/23 MP: 3/3
   529 | D:2      | Found a basalt altar of Yredelemnul.
   552 | D:2      | Became a worshipper of Yredelemnul the Dark
   626 | D:2      | Reached XP level 3. HP: 28/29 MP: 4/4
   763 | D:2      | Found an ancient bone altar of Kikubaaqudgha.
  1416 | D:3      | Reached XP level 4. HP: 37/37 MP: 5/5
  1485 | D:3      | Reached * piety under Yredelemnul
  2119 | D:4      | Reached XP level 5. HP: 39/46 MP: 6/6
  2123 | D:4      | Reached skill level 1 in Axes
  2127 | D:4      | Reached skill level 2 in Axes
  2425 | D:4      | Reached skill level 3 in Axes
  2442 | D:4      | Reached XP level 6. HP: 37/55 MP: 7/7
  2575 | D:4      | Reached skill level 5 in Fighting
  2583 | D:4      | Found a bloodstained altar of Trog.
  2613 | D:4      | Found Otietoq's Armour Shop.
  2773 | D:4      | Reached skill level 4 in Axes
  3149 | D:5      | Entered Level 5 of the Dungeon
  3314 | D:5      | Found a deep blue altar of Sif Muna.
  3351 | D:5      | Reached skill level 1 in Invocations
  3441 | D:5      | Reached ** piety under Yredelemnul
  3447 | D:5      | Found a glowing drain.
  3460 | Sewer    | Entered a sewer
  3517 | Sewer    | Noticed Purgy
  3530 | Sewer    | Killed Purgy
  3530 | Sewer    | Reached skill level 5 in Axes
  3530 | Sewer    | Reached XP level 7. HP: 46/61 MP: 8/8
  4011 | D:6      | Reached skill level 6 in Axes
  4216 | D:6      | Noticed Killer1's ghost (novice MiBe)
  5107 | D:6      | Noticed a red ugly thing
  5107 | D:6      | Reached skill level 7 in Axes
  5107 | D:6      | Reached XP level 8. HP: 55/71 MP: 9/9
  5114 | D:6      | Mangled by a red ugly thing

Vault maps used:
D:1:      dpeg_arrival_rooms_with_view
D:2:      nicolae_overflow_crystal_walls, kiku_gazebo_pond_becter,
          serial_bayou_pond_c
D:4:      lemuel_round_altar, first_bread, serial_shops, shop,
          grunt_ministairs_2, minmay_curled_crystal
D:5:      lemuel_upstairs_altar, lemuel_crystal_altar, gup_sewer_entry_pipe,
          eino_tiny_chamber
D:6:      demons_altar
Sewer:    kennysheep_door_sewer

Skill      XL: |  1  2  3  4  5  6  7 |
---------------+----------------------+-----
Fighting       | 1 2 3 4 5 6 |  6.5
Crossbows      | 3 4 |  4.1
Axes           | 3 5 7 |  7.0
Invocations    | 1 3 |  3.0
Armour         | |  3.6
Stealth        | |  1.0
Shields        | |  1.2
Spellcasting   | |  1.3
Transmutations | |  1.0

Action                   |  1- 3 |  4- 6 |  7- 9 || total
-------------------------+-------+-------+-------++-------
Melee: Whip              |    98 |       |       ||    98
       Headbutt          |     5 |    21 |    15 ||    41
       Dagger            |       |    28 |       ||    28
       War axe           |       |   100 |   114 ||   214
 Fire: Hand crossbow     |    26 |    56 |       ||    82
Invok: Animate Remains   |       |     6 |     3 ||     9
  Use: Scroll            |     6 |       |     9 ||    15
 Stab: Sleeping          |     6 |       |       ||     6
  Eat: Chunk             |     2 |     8 |     7 ||    17
Armor: Robe              |     3 |       |       ||     3
       Leather armour    |    51 |     7 |       ||    58
       Ring mail         |       |    10 |       ||    10
       Scale mail        |       |    87 |    68 ||   155
Dodge: Dodged            |    72 |    93 |    48 ||   213
